 Dungeon Sprint DCSS version 0.28.0-49-g6dfe1f597d (webtiles) character file.

Game seed: 2199347681854767051

17141 Revguard the Agnostic (level 12, 0/110 HPs)
             Began as a Palentonga Fighter on May 20, 2022.
             Killed by divine providence
             ... invoked by a smoke demon
              (13 damage)
             ... in the Dungeon (Sprint V: "Ziggurat Sprint").
             The game lasted 00:12:07 (407 turns).

Revguard the Agnostic (Palentonga Fighter)           Turns: 407, Time: 00:12:09

Health: 0/110      AC: 40    Str: 27    XL:     12   Next: 16%
Magic:  21/21      EV:  4    Int:  8    God:
Gold:   0          SH: 30    Dex: 17    Spells: 11/11 levels left

rFire   + + +      SeeInvis +   E - +14 obsidian axe {vorpal, Mesm Drain Fly SInv}
rCold   + . .      Faith    .   G - +18 shield of the Gong {rElec rN+ Will+ EV-5}
rNeg    + . .      Spirit   .   F - +15 Maxwell's patent armour {-Cast -Tele rElec Will+ rCorr}
rPois   +          Reflect  .   M - +0 hat of Liboneh {+Blink rF+}
rElec   +          Harm     .   c - +0 cloak {rCorr}
rCorr   +          Rampage  .   X - +3 pair of gauntlets of War {Slay+5}
Will    ++...      NoTele   +   (no barding)
Stlth   .......... NoCast   +   R - amulet of regeneration
HPRegen 1.08/turn               y - +6 ring of strength
MPRegen 0.17/turn               T - ring of Limitation {rElec rF+ Dex+3}

@: resistant, flying, mesmerised, studying 5 skills, curled up
A: large, rugged brown scales 3, see invisible, deformed body, roll 1, armoured
tail, reflexive curl
a: Rolling Charge, Evoke Blink


You were in the Dungeon.
You visited 1 branch

Inventory:

Hand Weapons
 E - the +14 obsidian axe (weapon) {vorpal, Mesm Drain Fly SInv}
   (You found it in the Dungeon)

   It inflicts extra damage upon your enemies.
   It occasionally summons demons to assist the wielder when it strikes in
   combat.
   Its wielder is mesmerised by any visible foes.
   It cannot be unequipped while any foes are visible.
   SInv:      It lets you see invisible.
   Fly:       It grants you flight.
   Drain:     It drains your maximum health when unequipped.
Armour
 c - a +0 cloak of preservation (worn)
 n - the +10 tower shield of Ignorance {rN+ Int-4}
   (You found it in the Dungeon)

   Int:       It affects your intelligence (-4).
   rN:        It protects you from negative energy.
 F - the +15 Maxwell's patent armour (worn) {-Cast -Tele rElec Will+ rCorr}
   (You found it in the Dungeon)

   rElec:     It insulates you from electricity.
   -Cast:     It prevents spellcasting.
   -Tele:     It prevents most forms of teleportation.
   rCorr:     It protects you from acid and corrosion.
   Will:      It increases your willpower.
 G - the +18 shield of the Gong (worn) {rElec rN+ Will+ EV-5}
   (You found it in the Dungeon)

   It is deafeningly noisy when blocking attacks.
   EV:        It affects your evasion (-5).
   rElec:     It insulates you from electricity.
   rN:        It protects you from negative energy.
   Will:      It increases your willpower.
 M - the +0 hat of Liboneh (worn) {+Blink rF+}
   (You found it in the Dungeon)

   rF:        It protects you from fire.
   +Blink:    It lets you blink.
 X - the +3 pair of gauntlets of War (worn) {Slay+5}
   (You found it in the Dungeon)

   Slay:      It affects your accuracy & damage with ranged weapons and melee
   (+5).
Jewellery
 b - a ring of ice
 t - a ring of flight
 u - a +6 ring of dexterity
 v - a +6 ring of dexterity
 w - a +6 ring of intelligence
 x - a +6 ring of intelligence
 y - a +6 ring of strength (left hand)
 z - a +6 ring of strength
 H - a ring of protection from cold
 L - an amulet of faith
 O - an amulet of guardian spirit
 P - an amulet of regeneration
 R - an amulet of regeneration (around neck)
 T - the ring of Limitation (right hand) {rElec rF+ Dex+3}
   (You found it in the Dungeon)

   [ring of protection from fire]

   Dex:       It affects your dexterity (+3).
   rF:        It protects you from fire.
   rElec:     It insulates you from electricity.
 U - the ring "Qadasod" {MP+9 Dex+3}
   (You found it in the Dungeon)

   [ring of magical power]

   Dex:       It affects your dexterity (+3).
   MP:        It affects your magic capacity (+9).
 V - a +6 ring of intelligence
 Y - an amulet of reflection
 Z - a ring of positive energy
Wands
 A - a wand of mindburst (7)
 B - a wand of iceblast (7)
 C - a wand of acid (7)
Scrolls
 j - 4 scrolls of blinking
 o - 4 scrolls of amnesia
 p - 7 scrolls of fog
 q - a scroll of holy word
 r - 5 scrolls of identify
 s - 2 scrolls of fear
 K - 2 scrolls of brand weapon
 W - 4 scrolls of enchant weapon
Potions
 d - 6 potions of might
 e - 10 potions of curing
 f - 13 potions of heal wounds
 g - 6 potions of haste
 h - 7 potions of magic
 i - 3 potions of berserk rage
 k - 2 potions of brilliance
 l - 2 potions of invisibility
 m - 3 potions of resistance
Miscellaneous
 a - a piece from Xom's chessboard (15/15)
 D - a lightning rod (4/4)
 I - a condenser vane
 J - a box of beasts
 N - a phantom mirror
 Q - a tin of tremorstones (2/2)
 S - a phial of floods


   Skills:
 + Level 12.5 Fighting
 + Level 12.4 Axes
 + Level 10.7 Armour
 + Level 10.3 Dodging
 + Level 10.7 Shields
 + Level 13.2 Invocations
 + Level 11.2 Evocations


You had 11 spell levels left.
You didn't know any spells.
Your spell library contained the following spells:

 Spells                   Type           Power      Damage    Failure   Level
 Magic Dart               Conj           0%         1d3       100%        1
 Ozocubu's Armour         Ice            0%         N/A       100%        3
 Tukima's Dance           Hex            0%         N/A       100%        3
 Passage of Golubria      Tloc           0%         N/A       100%        4
 Blade Hands              Tmut           0%         N/A       100%        5
 Freezing Cloud           Conj/Ice/Air   0%         6-21      100%        5
 Yara's Violent Unravell  Hex/Tmut       0%         3d3       100%        5
 Eringya's Noxious Bog    Tmut/Pois      0%         N/A       100%        6
 Simulacrum               Ice/Necr       0%         N/A       100%        6
 Starburst                Conj/Fire      0%         6d3       100%        6
 Death's Door             Necr           0%         N/A       100%        9
 Polar Vortex             Ice            0%         N/A       100%        9


Dungeon Overview and Level Annotations

Branches:
Dungeon (1/1)

Altars:
Ashenzari
Cheibriados
Dithmenos
Elyvilon
Fedhas
Gozag
Hepliaklqana
Kikubaaqudgha
Makhleb
Nemelex Xobeh
Okawaru
Qazlal
Ru
Sif Muna
Trog
Uskayaw
Vehumet
Wu Jian
Xom
Yredelemnul
Zin
The Shining One
Beogh
Jiyva
Lugonu

Annotations:
D 1 transporter


Innate Abilities, Weirdness & Mutations

You are completely covered in rugged brown scales. (AC +3, +7% HP)
You have supernaturally acute eyesight. (SInv)
Armour fits poorly on your strangely shaped body.
You can roll at nearby foes to attack.
You have a long armoured tail.
You curl defensively after being hit. (AC +7*)


Message History

Your sixfirhy barely misses Imoestrem.
You block the soul eater's attack.
PANG!
Taihimo sneers, "Abandon hope, thou tasty junket!"
Your hellwing barely misses Imoestrem.
Your hellwing closely misses Imoestrem.
The sun demon hits your sixfirhy.
Your sixfirhy is engulfed in flames!
Your sixfirhy dies!
Your sixfirhy disappears in a puff of smoke!
You block the orange demon's attack.
SHROANNG!
The smoke demon hits your soul eater but does no damage. x2
The smoke demon hits your soul eater. Imoestrem hits you!!
* * * LOW HITPOINT WARNING * * *
The tormentor calls on the powers of darkness!
Your body is wracked with pain!
* * * LOW HITPOINT WARNING * * *
The smoke demon gestures at you. Something smites you!
* * * LOW HITPOINT WARNING * * *
Press: ? - help, v - describe, . - travel
Here: Imoestrem, armed with a distorting touch (lightly wounded, ally target)
The floor.
You feel much better.
Visions of slaying Taihimo flood into your mind.
You block Taihimo's attack.
BOUMMMMG!
You block the soul eater's attack.
GONNNNG!
Your hellwing closely misses Imoestrem. x2; Imoestrem hits you!
* * * LOW HITPOINT WARNING * * *
Space warps horribly around you!
* * * LOW HITPOINT WARNING * * *
The orange demon stings you from afar.
* * * LOW HITPOINT WARNING * * *
Your soul eater barely misses the smoke demon.
Taihimo gestures.
The dungeon shakes, a horrible noise fills the air, and a portal to some otherworldly place is opened!
The smoke demon hits your soul eater but does no damage. x3
The smoke demon gestures at you. Something smites you!
You die...

▓▓▓▓▓▓▓▓▓▓
▓....8©8....▓▓.8©8.▓.8©
▓..}}}:))|..▓▓...:.▓..}
▓..=}}))[)..▓▓..††.▓...
▓...........▓▓.....▓..)
▓.....3.....▓▓.....▓...
▓...442.3...▓▓.....▓...
▓...33&34...▓▓..©..▓..©
▓43@&3▓ ▓▓▓▓▓▓▓▓▓▓▓
▓▓343▓▓ ▓..8©8...▓.
▓..▓34∩34▓..▓..[.[...▓.
▓.....©.....▓........▓.
▓▓▓▓▓▓▓▓▓▓▓▓▓........▓.
▓....8©8....▓........▓.
▓..)):[).[..▓.▓....▓.▓.
▓......)....▓...©....▓.
▓......)....▓▓▓▓▓▓▓▓▓▓▓


You could see Imoestrem (ally target), Taihimo (mesmerising), a soul eater, a
sun demon, 2 orange demons, a hellwing, an ice devil, 3 smoke demons, a
tormentor, a friendly soul eater (summoned), a friendly sun demon (summoned), 2
friendly hellwings, a friendly rust devil (summoned), 2 friendly sixfirhies, a
friendly smoke demon (summoned) and a friendly neqoxec (summoned).

Vanquished Creatures
  A ghoul (D)
  A death yak (D)
  A spriggan berserker (D)
  3 toenail golems (D)
  A black mamba (D)
  A cane toad (D)
  A komodo dragon (D)
  A tarantella (D)
  A blink frog (D)
  2 shadows (D)
  A yak (D)
  Sigmund (D)
  A vampire (D)
  A redback (D)
  A naga (D)
  A water moccasin (D)
  A black bear (D)
  A necrophage (D)
  A phantom (D)
  A small abomination (D)
  An earth elemental (D)
  4 wights (D)
  A crimson imp (D)
  2 orc priests (D)
  Crazy Yiuf (D)
  An orc wizard (D)
  3 adders (D)
  3 adder skeletons (D)
  2 ball pythons (D)
  2 bat skeletons (D)
  A ball python skeleton (D)
  4 ball python zombies (D)
  A quokka skeleton (D)
  A spectral giant cockroach (D)
50 creatures vanquished.

Vanquished Creatures (collateral kills)
  A lich (D)
  2 ghouls (D)
  A spriggan air mage (D)
  Erica (D)
  3 skeletal warriors (D)
  A sixfirhy (D)
  2 necromancers (D)
  4 toenail golems (D)
  A gargoyle (D)
  A rime drake (D)
  A komodo dragon (D)
  An ice devil (D)
  A tarantella (D)
  A spriggan (D)
  2 jumping spiders (D)
  A neqoxec (D)
  Edmund (D)
  A water moccasin (D)
  Duvessa (D)
  A black bear (D)
  2 orc warriors (D)
  Blork the orc (D)
  2 scorpions (D)
  Dowan (D)
  3 wights (D)
  A crimson imp (D)
  Jessica (D)
  An orc wizard (D)
  4 adders (D)
  2 spectral adders (D)
  2 adder zombies (D)
  An adder skeleton (D)
  A bat skeleton (D)
  2 bat zombies (D)
52 creatures vanquished.

Grand Total: 102 creatures vanquished

Notes
Turn   | Place    | Note
-------+----------+-------------------------------------------
     0 | D        | Revguard the Palentonga Fighter began the quest for the
                  | Orb.
     0 | D        | Reached XP level 1. HP: 19/19 MP: 1/1
     0 | D        | Found a blossoming altar of Fedhas.
     0 | D        | Found the +6 Majin-Bo {vamp, MP+6 Int+6}
     0 | D        | Found the +9 heavy crossbow "Sniper" {vorpal, Acc+∞ SInv}
     0 | D        | Found the +10 dark maul {vorpal}
     0 | D        | Found the +15 Maxwell's patent armour {-Cast -Tele rElec
                  | Will+ rCorr}
     0 | D        | Found the +18 shield of the Gong {rElec rN+ Will+ EV-5}
     0 | D        | Found the +14 obsidian axe {vorpal, Mesm Drain Fly SInv}
     0 | D        | Found the +7 great mace "Firestarter" {inner flame, rF++}
     0 | D        | Found the +6 shillelagh "Devastator" {shatter}
     0 | D        | Found the +11 plutonium sword {Contam Stlth-}
     0 | D        | Found the +8 lance "Wyrmbane" {slay drac, rPois rF+ rC+
                  | AC+3}
     0 | D        | Found the +9 sword of Zonguldrok {reap}
     0 | D        | Found the +13 scythe of Curses {drain, Drain}
     0 | D        | Found the +5 sword of Power {vorpal}
     0 | D        | Found the +7 mace of Variability {chain chaos}
     0 | D        | Found the +7 Singing Sword {vorpal, sonic wave}
     0 | D        | Found the +8 storm bow {elec, penet}
     1 | D        | Found a shimmering blue altar of Sif Muna.
     1 | D        | Found a sacrificial altar of Ru.
     1 | D        | Found a bloodstained altar of Trog.
     1 | D        | Found a stormy altar of Qazlal.
     1 | D        | Found an iron altar of Okawaru.
     1 | D        | Found a sparkling altar of Nemelex Xobeh.
     3 | D        | Found a transporter.
     3 | D        | Found an ancient bone altar of Kikubaaqudgha.
     3 | D        | Found a viscous altar of Jiyva.
     3 | D        | Found a corrupted altar of Lugonu.
     3 | D        | Found a hazy altar of Hepliaklqana.
     3 | D        | Found a burning altar of Makhleb.
     3 | D        | Found an opulent altar of Gozag.
    46 | D        | Reached skill level 2 in Invocations
    46 | D        | Reached XP level 2. HP: 26/26 MP: 2/4
    56 | D        | Entered arena 2.
    56 | D        | Noticed a naga
    56 | D        | Found a transporter.
    58 | D        | Killed a naga
    59 | D        | Reached skill level 5 in Fighting
    59 | D        | Reached skill level 4 in Invocations
    59 | D        | Reached XP level 3. HP: 32/35 MP: 3/6
    59 | D        | Reached XP level 4. HP: 37/41 MP: 3/7
    64 | D        | Entered arena 3.
    64 | D        | Found the +10 tower shield of Ignorance {rN+ Int-4}
    64 | D        | Noticed a spriggan
    64 | D        | Noticed a black bear
    64 | D        | Noticed a black bear
    64 | D        | Found a transporter.
    66 | D        | Killed a black bear
    66 | D        | Killed a spriggan
    66 | D        | Killed a black bear
    67 | D        | Reached skill level 5 in Armour
    67 | D        | Reached skill level 5 in Shields
    67 | D        | Reached skill level 5 in Invocations
    67 | D        | Reached XP level 5. HP: 41/50 MP: 4/9
    67 | D        | Reached XP level 6. HP: 46/56 MP: 4/10
    95 | D        | Entered arena 4.
    95 | D        | Noticed a water moccasin
    95 | D        | Found a transporter.
    97 | D        | Reached skill level 6 in Invocations
    97 | D        | Killed a water moccasin
    98 | D        | Reached skill level 5 in Evocations
    98 | D        | Gained mutation: You curl defensively after being hit. (AC
                  | +7*) [Palentonga growth]
    98 | D        | Reached XP level 7. HP: 58/63 MP: 7/11
   105 | D        | Entered arena 5.
   105 | D        | Noticed a neqoxec
   105 | D        | Found a transporter.
   108 | D        | Killed a neqoxec
   109 | D        | Reached skill level 5 in Dodging
   115 | D        | Reached skill level 7 in Invocations
   120 | D        | Got the +0 hat of Liboneh {+Blink rF+}
   133 | D        | Entered arena 6.
   133 | D        | Found a transporter.
   141 | D        | Entered arena 7.
   142 | D        | Found a transporter.
   146 | D        | Reached XP level 8. HP: 71/71 MP: 13/13
   161 | D        | Entered arena 8.
   162 | D        | Found a transporter.
   173 | D        | Entered arena 9.
   173 | D        | Noticed a jumping spider
   173 | D        | Noticed a jumping spider
   173 | D        | Noticed a tarantella
   173 | D        | Noticed a tarantella
   174 | D        | Found a transporter.
   177 | D        | Killed a jumping spider
   178 | D        | Reached skill level 8 in Invocations
   178 | D        | Killed a jumping spider
   179 | D        | Reached XP level 9. HP: 74/80 MP: 13/15
   197 | D        | Entered arena 10.
   197 | D        | Noticed Sigmund
   197 | D        | Noticed Jessica
   197 | D        | Noticed Blork the orc
   197 | D        | Noticed Crazy Yiuf
   197 | D        | Noticed Dowan
   197 | D        | Noticed Duvessa
   197 | D        | Noticed Edmund
   197 | D        | Noticed Erica
   198 | D        | Found a transporter.
   203 | D        | Killed Duvessa
   204 | D        | Killed Crazy Yiuf
   204 | D        | Killed Erica
   204 | D        | Killed Edmund
   204 | D        | Killed Dowan
   205 | D        | Reached skill level 9 in Invocations
   205 | D        | Killed Jessica
   206 | D        | Killed Blork the orc
   209 | D        | Killed Sigmund
   252 | D        | Entered arena 11.
   252 | D        | Noticed a gargoyle
   252 | D        | Noticed a toenail golem
   252 | D        | Noticed a toenail golem
   252 | D        | Noticed a toenail golem
   252 | D        | Noticed a toenail golem
   252 | D        | Noticed a toenail golem
   252 | D        | Noticed a toenail golem
   252 | D        | Noticed a toenail golem
   253 | D        | Found a transporter.
   256 | D        | Killed a toenail golem
   257 | D        | Killed a toenail golem
   258 | D        | Reached XP level 10. HP: 76/88 MP: 14/17
   258 | D        | Killed a toenail golem
   259 | D        | Reached skill level 10 in Invocations
   259 | D        | Killed a toenail golem
   259 | D        | Killed a toenail golem
   259 | D        | Killed a gargoyle
   260 | D        | Reached skill level 10 in Fighting
   260 | D        | Killed a toenail golem
   261 | D        | Reached skill level 10 in Axes
   263 | D        | Killed a toenail golem
   266 | D        | Got Sif Muna's Guide on Freezing Confrontation
   279 | D        | Entered arena 12.
   279 | D        | Noticed a ghoul
   280 | D        | Noticed a ghoul
   281 | D        | Found a transporter.
   287 | D        | Killed a ghoul
   288 | D        | Reached skill level 11 in Invocations
   290 | D        | Killed a ghoul
   291 | D        | Reached XP level 11. HP: 87/98 MP: 19/19
   296 | D        | Got Gazxec's Catalogue of Lethal Transmigration
   314 | D        | Entered arena 13.
   314 | D        | Noticed a spriggan berserker
   314 | D        | Noticed a death yak
   315 | D        | Noticed a spriggan air mage
   315 | D        | Found the +8 arc blade {discharge, rElec}
   315 | D        | Found the +8 Wrath of Trog {antimagic, *Rage Rampage}
   316 | D        | Found a transporter.
   318 | D        | Killed a spriggan berserker
   322 | D        | Killed a death yak
   323 | D        | Reached skill level 10 in Evocations
   324 | D        | Killed a spriggan air mage
   325 | D        | Reached skill level 12 in Invocations
   335 | D        | Got the ring of Limitation {rElec rF+ Dex+3}
   340 | D        | Entered arena 14.
   341 | D        | Noticed a skeletal warrior
   342 | D        | Noticed a lich
   342 | D        | Noticed a ghoul
   343 | D        | Found a transporter.
   348 | D        | Reached skill level 10 in Shields
   348 | D        | Killed a ghoul
   349 | D        | Reached skill level 10 in Armour
   350 | D        | Killed a lich
   351 | D        | Killed a skeletal warrior
   355 | D        | Got the ring "Qadasod" {MP+9 Dex+3}
   363 | D        | Entered arena 15.
   364 | D        | Noticed a necromancer
   364 | D        | Noticed a necromancer
   365 | D        | Noticed a skeletal warrior
   365 | D        | Noticed a skeletal warrior
   365 | D        | Identified the +1 scale mail of the Dice {rN+ rCorr}
   365 | D        | Found the +3 pair of gauntlets of War {Slay+5}
   366 | D        | Found a transporter.
   368 | D        | Killed a necromancer
   369 | D        | Reached skill level 10 in Dodging
   369 | D        | Killed a necromancer
   370 | D        | Killed a skeletal warrior
   371 | D        | Reached skill level 13 in Invocations
   371 | D        | Reached XP level 12. HP: 110/110 MP: 21/21
   399 | D        | Entered arena 16.
   400 | D        | Noticed Imoestrem the pandemonium lord
   400 | D        | Found the +8 mithril axe "Arga" {speed, Will+}
   403 | D        | Noticed Taihimo the pandemonium lord
   403 | D        | Found a transporter.
   407 | D        | Killed from afar by a smoke demon

Illustrated notes

Levels and vault maps discovered:
D:        sprint_v [room_start, room_1, room_2, room_3, room_4, room_5, room_6,
          room_7, room_8, room_9, room_10, room_11, room_12, room_13, room_14,
          room_15, room_16, room_17, room_18, room_19, room_20, room_21,
          room_22, room_23, room_24, room_25, room_26, room_27]

Skill      XL: |  1  2  3  4  5  6  7  8  9 10 11 |
---------------+----------------------------------+-----
Fighting       | 4 5 6 7 8 9 10 12 | 12.5
Axes           | 3 4 6 7 8 9 10 12 | 12.4
Armour         | 3 4 5 6 8 9 10 | 10.7
Dodging        | 2 3 4 5 6 7 8 10 | 10.3
Shields        | 3 4 5 6 7 8 9 10 | 10.7
Invocations    | 2 4 5 6 7 8 9 11 13 | 13.2
Evocations     | 2 3 4 5 6 8 9 11 | 11.2

Action                   |  1- 3 |  4- 6 |  7- 9 | 10-12 || total
-------------------------+-------+-------+-------+-------++-------
Melee: Broad axe         |     2 |     4 |    34 |    40 ||    80
       Tailslap          |       |       |     8 |    10 ||    18
 Abil: Rolling Charge    |     1 |     2 |     6 |     2 ||    11
  Use: Potion            |     1 |       |       |     2 ||     3
 Stab: Distracted        |       |       |     1 |     1 ||     2
Armor: Plate armour      |     1 |     8 |    19 |    19 ||    47
Dodge: Dodged            |       |       |     1 |     1 ||     2
Block: Kite shield       |     2 |    11 |    64 |    67 ||   144
